 Dungeon Crawl Stone Soup version 0.22-a0-456-g11ed031 (webtiles) character file.

3 Lepthic the Grave Robber (level 1, 0/16 HPs)
             Began as a Troll Necromancer on June 6, 2018.
             Slain by a kobold (2 damage)
             ... on level 1 of the Dungeon.
             The game lasted 00:07:14 (165 turns).

Lepthic the Grave Robber (Troll Necromancer)         Turns: 165, Time: 00:07:15

Health: 0/16       AC:  5    Str: 15    XL:     1   Next: 41%
Magic:  1/1        EV: 10    Int: 11    God:
Gold:   15         SH:  0    Dex: 10    Spells: 1/2 levels left

rFire    . . .     SeeInvis .   (no weapon)
rCold    . . .     Gourm    +   (no shield)
rNeg     . . .     Faith    .   a - +0 robe
rPois    .         Spirit   .   (helmet restricted)
rElec    .         Reflect  .   (no cloak)
rCorr    .         Harm     .   (gloves unavailable)
MR       .....                  (boots unavailable)
Stlth    +.........             (no amulet)
HPRegen  0.45/turn              (no ring)
MPRegen  0.07/turn              (no ring)

@: no status effects
A: large, unfitting armour, claws 3, fast metabolism 3, gourmand, regeneration
1, shaggy fur 1, tough skin 2
a: no special abilities


You were on level 1 of the Dungeon.
You were not hungry.

You visited 1 branch of the dungeon, and saw 1 of its levels.

You collected 15 gold pieces.

Inventory:

Armour
 a - a +0 robe (worn)
Potions
 b - a potion of mutation {unknown}
 d - a potion of haste {unknown}
Comestibles
 c - 2 rations


   Skills:
 + Level 1.5 Dodging
 - Level 1.1 Stealth
 + Level 1.2 Spellcasting
 + Level 3.3 Necromancy


You had one spell level left.
You knew the following spells:

 Your Spells              Type           Power        Failure   Level  Hunger
a - Pain                  Necr           #...         8%          1    ##.....

Your spell library contained the following spells:

 Spells                   Type           Power        Failure   Level  Hunger
 Animate Dead             Necr           N/A          61%         4    #####..
 Animate Skeleton         Necr           N/A          8%          1    ##.....
 Vampiric Draining        Necr           #.........   24%         3    ####...
 Regeneration             Chrm/Necr      #.........   43%         3    ####...


Dungeon Overview and Level Annotations

Branches:
Dungeon (1/15)

Altars:


Innate Abilities, Weirdness & Mutations

You are too large for most types of armour.
You have claws for hands.
Your metabolism is lightning-fast.
You like to eat raw meat.
Your natural rate of healing is unusually fast.
You are covered in fur. (AC +1)
You have very tough skin. (AC +2)


Message History

The kobold closely misses you. The kobold hits you but does no damage.
The kobold shouts!
The kobold hits you but does no damage. The kobold closely misses you.
The kobold hits you. The kobold barely misses you.
The kobold closely misses you. The kobold hits you.
The kobold hits you but does no damage. The kobold barely misses you.
The kobold hits you. The kobold hits you. The kobold closely misses you.
The kobold hits you. The kobold hits you but does no damage.
The kobold closely misses you. The kobold hits you but does no damage.
The kobold hits you but does no damage. The kobold barely misses you.
The kobold misses you. The kobold hits you but does no damage.
Your magical contamination has completely faded away.
The kobold hits you. x2
* * * LOW HITPOINT WARNING * * *
The kobold barely misses you. The kobold hits you.
You die...

#.#...#.#
#.#.#<#.#.#
#.#.###.#.#####.#
#.#.(...#.......#
####.#######.#######
..............[.....
................#.#.
....♣.♣%♣.♣.....# #
#K@†..####..#
♣K♣.♣.♣ ..# .......#
..# ...♣.♣.♣.♣ ..#
............. ..
.....♣.♣.♣.♣#♣ ♣.
.......... ....
.....


You could see 2 kobolds.

Vanquished Creatures
  A hobgoblin (D:1)
  A kobold (D:1)
  A rat (D:1)
3 creatures vanquished.

Notes
Turn   | Place    | Note
-------+----------+-------------------------------------------
     0 | D:1      | Lepthic the Troll Necromancer began the quest for the Orb.
     0 | D:1      | Reached XP level 1. HP: 16/16 MP: 1/1
   165 | D:1      | Slain by a kobold

Vault maps used:
D:1:      matt_arrival_spirals, serial_forest, infiniplex_forest_lined_ring,
          infiniplex_forest_straight_2, infiniplex_forest_lined_corner,
          infiniplex_forest_lined_1, infiniplex_forest_lined_room_2,
          infiniplex_forest_clump_small, infiniplex_forest_clump_long,
          infiniplex_forest_lined_1, infiniplex_forest_clump_curved,
          infiniplex_forest_clump_diagonal, minivault_5

Action                   || total
-------------------------++-------
Melee: Unarmed           ||     5
Armor: Robe              ||    11
Dodge: Dodged            ||    11

Table legend:
 A = Spawn XP
 B = Non-spawn XP
 C = Spawn XP percentage of total XP
 D = Spawn monster count
 E = Non-spawn monster count
 F = Spawn count percentage of total count
 G = Total turns spent on level
                    A         B        C        D         E        F      G
               +---------+---------+-------+---------+---------+-------+---------
         Total |       0 |       5 |   0.0 |       0 |       3 |   0.0 |   165
               +---------+---------+-------+---------+---------+-------+---------
           D:1 |       0 |       5 |   0.0 |       0 |       3 |   0.0 |   165
               +---------+---------+-------+---------+---------+-------+---------
